AoeStats
← Silentkill921

Pilgrims

508584942Analyzed
3v3 RM · 11d ago on Sep 23, 2026· 25m 9s· 6 players
Game mode
Random Map
Map size
Normal (6 player)
Population
200
Speed
Normal
Resources
Standard
Victory
Conquest
Starting age
Dark Age
Ending age
Imperial Age
RankedLock teamsTeams togetherTeam positionsShared explorationLock speedFull tech treeHidden civsTurbo modeCheats
Victory
Defeat
🇺🇸 Gurjaras · United States
818
+14
🇺🇸 Dravidians · United States
774
+40
🇺🇸 Bohemians · United States
767
+16
🇦🇷 Persians · Argentina
812
-17
🇦🇷 Romans · Argentina
756
-15
🇦🇷 Teutons · Argentina
730
-14
Darioo091867
13:51 Feudal Age
15:48 Man-at-Arms
23:31 Castle Age
23:42 Scale Mail Armor
23:53 Forging
se pone pupu
11:30 Feudal Age
18:28 Castle Age
18:10 Double-Bit Axe
18:50 Bloodlines
18:53 Forging
19:44 Medium Warships
21:59 Demolition Ship
23:03 Fishing Lines
PulpoPol
13:41 Feudal Age
13:44 Man-at-Arms
15:56 Forging
15:46 Scale Mail Armor
16:30 Fishing Lines
25:55 Castle Age
Boundless316
15:00 Feudal Age
16:32 Wheelbarrow
15:44 Double-Bit Axe
15:45 Horse Collar
15:58 Fishing Lines
25:17 Castle Age
Teblu
7:11 Loom
14:04 Feudal Age
14:34 Fishing Lines
15:27 Double-Bit Axe
22:40 Wheelbarrow
Silentkill921
12:21 Feudal Age
13:05 Double-Bit Axe
15:48 Man-at-Arms
18:27 Fishing Lines
23:42 Castle Age
24:33 Bow Saw
23:47 Long Swordsman
23:51 Light Cavalry
24:36 Gold Mining
25:06 Crossbowman
Connection lost

Rejoining the realm…

Still unreachable

The connection could not be restored.

Session expired

The server has moved on; the page needs a fresh start.